Map: Kairos Junction LE

Players

GOStephano (Stephano) - Winner!

  • Race: Zerg Zerg
  • League: Grandmaster
  • Spawn Location: 5:00

Kas

  • Race: Terran Terran
  • League: Master
  • Spawn Location: 11:00

Event: HomeStory Cup XIX

VOD

Have the link to the VOD?

Description

Time

  • Played on: June 28, 2019, 11:17 a.m.
  • Length: 8:54

All games in this series

Show
View Real Time Build Order
Export as new Build Order

GOStephano Zerg - Winner!

Build Orders: Hatch First 

Get SALT Encoding   

  12  0:00  Drone  
  13  0:12  Overlord  
  13  0:17  Drone  
  14  0:30  Drone x2  
  16  0:48  Hatchery  
  15  0:50  Drone  
  15  0:54  Drone  
  17  0:57  Drone  
  18  1:09  Extractor  
  17  1:12  Spawning Pool  
  17  1:15  Drone  
  17  1:19  Drone  
  18  1:27  Drone  
  19  1:39  Drone  
  20  1:49  Drone  
  21  1:59  Queen  
  21  2:00  Zergling x4, Queen  
  27  2:10  Overlord  
  27  2:12  Drone  
  28  2:20  Hatchery  
  27  2:23  Drone  
  27  2:29  Drone  
  29  2:34  Drone x2  
  31  2:40  Queen  
  33  2:44  Overlord  
  33  2:47  Drone  
  34  2:53  Metabolic Boost  
  34  2:54  Drone  
  35  2:59  Drone  
  36  3:06  Overlord  
  36  3:09  Drone x2  
  36  3:10  Drone x2  
  40  3:15  Drone  
  40  3:17  Queen  
  40  3:19  Drone  
  44  3:26  Overlord  
  44  3:31  Queen  
  46  3:36  Drone  
  46  3:37  Drone x2  
  49  3:42  Zergling x6  
  49  3:47  Drone x2  
  54  3:48  Drone  
  54  3:52  Overlord  
  54  3:54  Drone x3  
  58  4:06  Overlord  
  58  4:07  Overlord  
  57  4:10  Queen, Overlord  
  57  4:13  Drone, Evolution Chamber  
  57  4:16  Evolution Chamber, Extractor  
  57  4:17  Extractor  
  57  4:20  Zergling x6  
  59  4:26  Zergling x2  
  59  4:27  Zergling x6  
  59  4:30  Drone x2  
  65  4:35  Overlord  
  65  4:36  Evolution Chamber  
  65  4:38  Drone  
  65  4:44  Zergling x4  
  64  4:52  Lair  
  63  4:53  Drone x7  
  63  4:55  Zerg Ground Armor Level 1  
  63  4:59  Drone  
  70  5:01  Spore Crawler  
  70  5:03  Spore Crawler  
  70  5:05  Spore Crawler  
  67  5:08  Drone  
  67  5:10  Zerg Missile Weapons Level 1  
  68  5:18  Drone, Roach Warren  
  68  5:19  Drone x2  
  70  5:22  Drone, Extractor  
  70  5:23  Drone, Extractor  
  70  5:26  Overlord  
  70  5:29  Drone x3  
  70  5:32  Extractor  
  72  5:39  Drone  
  72  5:40  Drone  
  72  5:41  Overlord  
  74  5:44  Overlord  
  74  5:46  Drone x2  
  74  5:47  Drone x3  
  79  5:58  Roach x5  
  79  6:00  Overlord  
  89  6:06  Roach x3  
  89  6:10  Glial Reconstitution  
  95  6:18  Ravager x5  
  100  6:27  Roach x5  
  100  6:31  Overlord  
  110  6:34  Zergling x8  
  110  6:35  Zergling x2  
  115  6:41  Roach x3  
  115  6:43  Hatchery  
  119  6:54  Roach x7  
  128  7:06  Roach  
  128  7:07  Roach x5  
  129  7:21  Roach  
  129  7:22  Roach x3  
  137  7:31  Overlord x2  
  137  7:36  Overlord  
  137  7:47  Overlord x2  
  137  7:48  Overlord  
  132  7:56  Roach x7  
  132  7:57  Roach x3  
  139  8:03  Ravager  
  139  8:04  Ravager x2  
  139  8:05  Ravager x2  
  140  8:06  Ravager  
  140  8:07  Zergling x2, Ravager  
  140  8:08  Zergling x10  
  148  8:17  Drone x6  
  154  8:22  Ravager  
  155  8:39  Hatchery  
Show
View Real Time Build Order
Export as new Build Order

Kas Terran 

Build Orders: Gas First Reaper Expand 

Get SALT Encoding   

  12  0:00  SCV  
  13  0:12  SCV  
  14  0:17  Supply Depot  
  14  0:24  SCV  
  15  0:28  Refinery  
  15  0:39  SCV  
  16  0:44  Barracks  
  16  0:51  SCV  
  17  1:03  SCV  
  18  1:15  SCV  
  19  1:31  Orbital Command, Reaper  
  20  1:42  Command Center  
  20  1:53  Factory  
  20  1:57  SCV  
  21  2:05  Barracks Reactor  
  21  2:10  SCV  
  21  2:12  Supply Depot  
  22  2:16  Refinery  
  22  2:22  SCV  
  23  2:37  SCV  
  24  2:46  Starport  
  24  2:49  Hellion x2  
  24  2:50  SCV  
  29  2:56  Orbital Command  
  29  2:58  Barracks Tech Lab  
  29  3:03  SCV  
  34  3:12  Hellion  
  34  3:13  Hellion  
  34  3:15  SCV  
  34  3:19  Marine  
  36  3:22  Viking  
  36  3:26  SCV  
  39  3:29  Stimpack  
  39  3:32  SCV  
  40  3:35  Supply Depot  
  40  3:37  Marine  
  41  3:45  SCV x2  
  43  3:55  Marine  
  44  3:57  SCV  
  44  4:02  Factory Tech Lab  
  45  4:03  Barracks, Supply Depot  
  45  4:04  SCV  
  45  4:09  SCV  
  47  4:10  Barracks, Starport Reactor  
  47  4:12  Marine  
  47  4:16  SCV  
  49  4:21  SCV  
  49  4:22  Engineering Bay  
  50  4:29  Supply Depot  
  50  4:30  Siege Tank, Marine  
  50  4:31  SCV  
  55  4:36  Refinery  
  53  4:48  Marine  
  47  4:52  Terran Infantry Weapons Level 1  
  47  4:54  Marine x2, SCV x2  
  49  5:01  Supply Depot  
  49  5:02  Starport Reactor  
  49  5:06  Siege Tank, Marine, SCV x2  
  55  5:11  Marine  
  55  5:12  Marine  
  57  5:14  Marine  
  57  5:15  Marine  
  57  5:18  SCV x2  
  61  5:24  Marine  
  62  5:28  Supply Depot  
  62  5:29  Marine  
  62  5:30  Combat Shield, SCV  
  62  5:31  Marine  
  62  5:32  Marine, SCV  
  62  5:33  Marine  
  68  5:37  Supply Depot  
  68  5:39  Medivac  
  68  5:40  Medivac  
  68  5:42  Marine  
  73  5:45  Siege Tank  
  73  5:47  Marine  
  73  5:49  Marine  
  78  5:50  Marine x2  
  80  5:59  Marine, Command Center  
  81  6:05  Marine  
  81  6:06  Marine  
  81  6:07  Marine  
  81  6:11  SCV  
  85  6:13  Marine  
  85  6:17  Marine  
  87  6:21  Siege Tank, Medivac  
  87  6:22  Marine  
  87  6:23  Supply Depot  
  87  6:24  Marine  
  87  6:25  Supply Depot  
  94  6:37  Barracks  
  94  6:41  Barracks  
  94  6:43  Refinery  
  94  6:45  Marine x4, SCV x2, Medivac  
  102  6:55  Marine  
  102  6:57  SCV x2  
  103  7:02  Marine  
  92  7:15  SCV x2  
  92  7:16  Orbital Command  
  92  7:17  Marine  
  92  7:18  Marine  
  96  7:24  Marine x2  
  96  7:28  Barracks Reactor  
  98  7:31  Armory  
  98  7:32  Marine  
  98  7:33  Barracks Reactor  
  98  7:34  Engineering Bay  
  97  7:37  SCV  
  97  7:38  SCV  
  97  7:39  Marine x2  
  97  7:43  Marine x2  
  102  7:45  Siege Tank  
  86  7:58  Marine x3  
  86  8:01  Marine x2  
  86  8:03  Medivac x2  
  86  8:04  SCV x2  
  85  8:07  Marine x2  
  85  8:09  Orbital Command  
  85  8:10  Marine  
  85  8:11  Marine  
  89  8:16  Marine x3, SCV x2  
  89  8:19  Marine x2  
  96  8:21  Siege Tank  
  96  8:25  Marine  
  100  8:28  SCV  
  101  8:34  SCV  
  101  8:35  Marine x4  
  101  8:36  Marine  
Tags
 
Add a new tag
Caveats
  • Supply blocks, unpowered buildings, or Contaminate may cause inaccurate times.
  • Supply counts are checked every 10 seconds.